 Dungeon Crawl Stone Soup version 0.18-a0-1225-g5d63bca (webtiles) character file.

56 namelastname112 the Chopper (level 3, -3/29 HPs)
             Began as a Draconian Wanderer on Feb 3, 2016.
             Killed by divine providence
             ... invoked by an orc priest
              (14 damage)
             ... on level 2 of the Dungeon.
             The game lasted 00:02:27 (1455 turns).

namelastname112 the Chopper (Draconian Wanderer)    Turns: 1455, Time: 00:02:27

Health: -3/29      AC:  5    Str: 16    XL:     3   Next: 71%
Magic:  4/4        EV: 12    Int: 11    God:
Gold:   147        SH:  0    Dex: 10    Spells: 1 memorised, 3 levels left

rFire  . . .     SeeInvis .     a - +2 dagger
rCold  . . .     Gourm    .     (armour unavailable)
rNeg   . . .     Faith    .     (no shield)
rPois  .         Spirit   .     (helmet restricted)
rElec  .         Dismiss  .     (no cloak)
rCorr  .         Reflect  .     (no gloves)
SustAt .         Harm     .     (no boots)
MR     .....                    (no amulet)
Stlth  +.........               (no ring)
                                (no ring)

@: not resistant to hostile enchantments, very unstealthy
A: unfitting armour, cold-blooded, AC +5
a: no special abilities


You were on level 2 of the Dungeon.
You were hungry.

You visited 1 branch of the dungeon, and saw 3 of its levels.

You collected 147 gold pieces.

Inventory:

Hand Weapons
 a - a +2 dagger (weapon)
 c - a +0 hand axe
Missiles
 s - 5 javelins (quivered)
Jewellery
 e - an uncursed ring of ice
Scrolls
 b - a scroll of blinking
 g - 2 scrolls of identify {unknown}
 h - a scroll of remove curse {unknown}
 j - a scroll of immolation {unknown}
 l - a scroll of recharging {unknown}
 o - 2 scrolls of teleportation {unknown}
 q - a scroll of magic mapping {unknown}
Potions
 k - a potion of magic {unknown}
 m - a potion of cure mutation {unknown}
 n - 2 potions of curing {unknown}
 p - a potion of lignification {unknown}
 r - a potion of heal wounds {unknown}
Books
 d - the Reference Book on the Voyage

   Spells                             Type                      Level
   a - Apportation                    Translocation                1
   b - Recall                         Summoning/Translocation      3
Comestibles
 f - 2 bread rations
 i - 4 fruits


   Skills:
 + Level 2.0 Fighting
 + Level 3.5 Axes
 + Level 1.7 Dodging
 - Level 1.0 Stealth
 - Level 1.0 Spellcasting
 - Level 3.0 Translocations
   Level 1.0 Poison Magic
   Level 1.0 Evocations


You had 3 spell levels left.
You knew the following spells:

 Your Spells              Type           Power        Failure   Level  Hunger
a - Apportation           Tloc           #.........   12%         1    ##.....


Dungeon Overview and Level Annotations

Branches:
Dungeon (3/15)

Altars:
Vehumet


Innate Abilities, Weirdness & Mutations

Your plain brown scales are hard (AC +5).
Your body does not fit into most forms of armour.
You are cold-blooded and may be slowed by cold attacks.


Message History

You climb upwards.
There is a stone staircase leading down here.
You hit the orc priest.
The orc priest is moderately wounded.
The orc barely misses you.
The orc priest mumbles some strange prayers to Beogh against you.
Pain shoots through your body!
You barely miss the orc priest.
The orc priest is moderately wounded.
The orc barely misses you.
The orc priest miscasts a cantrip.
You hit the orc priest.
Your tail-slap misses the orc priest.
The orc priest is moderately wounded.
The orc hits you. The orc priest closely misses you.
You hit the orc priest.
Your tail-slap misses the orc priest.
The orc priest is heavily wounded.
The orc barely misses you.
The orc priest invokes the aid of Beogh against you.
Something smites you!
You die...

#......#.# #.#####.#
##...#.#.# #.# #.# #...#...#
#.# #.###### #...##..# #.#
#.......
##########...##..###.#
#.......
......†..'...'.......#
#.......
##########...##..#####
#....... ########'####
#....... #.......@o..#
##....... #........o..#
#........ #...........#
#....#### ######(.....# #....#
#......# #....#
#......#####....#
#...............#
################+#.###########
...................#


You could see an orc priest and an orc.

Vanquished Creatures
  2 adders (D:2)
  A giant gecko (D:1)
  5 bats
  4 giant cockroaches
  3 goblins (D:1)
  4 hobgoblins
  4 jackals (D:1)
  A quokka (D:2)
  3 giant newts
  3 kobolds
  5 rats (D:1)
35 creatures vanquished.

Notes
Turn   | Place    | Note
--------------------------------------------------------------
     0 | D:1      | namelastname112 the Draconian Wanderer began the quest for the Orb.
     0 | D:1      | namelastname112 set off with: a +2 dagger, a scroll of blinking, a +0 hand axe, the Reference Book on the Voyage, a bread ration
     0 | D:1      | Reached XP level 1. HP: 14/14 MP: 2/2
     1 | D:1      | Identified the Reference Book on the Voyage
     3 | D:1      | Learned a level 1 spell: Apportation
   198 | D:1      | Reached XP level 2. HP: 19/22 MP: 3/3
   260 | D:1      | Reached skill level 1 in Dodging
   478 | D:1      | Reached skill level 1 in Fighting
   741 | D:2      | Reached XP level 3. HP: 20/28 MP: 4/4
   805 | D:2      | Found a radiant altar of Vehumet.
  1455 | D:2      | Killed from afar by an orc priest

Vault maps used:
D:1:      dpeg_arrival_lava_temple_mockup
D:2:      vehumet_crystals
D:3:      uniq_grinder, uniq_sigmund

Action                   || total
-------------------------++-------
Melee: Dagger            ||   136
 Stab: Distracted        ||     1
  Eat: Fruit             ||     1
